 Dungeon Crawl Stone Soup version 0.30-a0-778-g2ef04afb54 (webtiles) character file.

Game seed: 3651830655720078167

14 Smoke131 the Covered (level 2, 15/21 HPs)
             Began as a Human Wanderer on Feb 17, 2023.
             Quit the game on level 1 of the Dungeon.
             The game lasted 00:01:29 (244 turns).

Smoke131 the Covered (Human Wanderer)                Turns: 244, Time: 00:01:29

Health: 15/21      AC:  6    Str: 12    XL:     2   Next: 60%
Magic:  5/5        EV:  8    Int: 14    God:
Gold:   0          SH:  6    Dex: 10    Spells: 5/5 levels left

rFire   . . .      SeeInvis .    a - +0 club
rCold   . . .      Faith    .    d - +2 buckler
rNeg    . . .      Spirit   .    b - +0 scale mail
rPois   .          Reflect  .    (no helmet)
rElec   .          Harm     .    (no cloak)
rCorr   .          Rampage  .    (no gloves)
Will    .....                    (no boots) Stlth
                                 (no amulet)
HPRegen 0.23/turn                (no ring)
MPRegen 0.09/turn                (no ring)

@: no status effects
A: no striking features
a: no special abilities


You were on level 1 of the Dungeon.
You visited 1 branch of the dungeon, and saw 1 of its levels.

Inventory:

Hand Weapons
 a - a +0 club (weapon)
Armour
 b - a +0 scale mail (worn)
 d - a +2 buckler (worn)
Potions
 c - a potion of curing
 e - 2 potions of degeneration {unknown}


   Skills:
 + Level 1.5 Fighting
 + Level 2.3 Armour
 + Level 2.3 Shields
 - Level 2.0 Spellcasting
 - Level 2.0 Translocations
 - Level 1.0 Evocations


You had 5 spell levels left.
You didn't know any spells.
Your spell library contained the following spells:

 Spells                   Type           Power      Damage    Failure   Level
 Lesser Beckoning         Tloc           14%        N/A       71%         2
 Momentum Strike          Conj/Tloc      8%         3d8       85%         2


Dungeon Overview and Level Annotations

Branches:
Dungeon (1/15)

Altars:


Message History

You kill the giant cockroach!
You barely miss the hobgoblin.
The hobgoblin is moderately wounded.
The hobgoblin hits you but does no damage.
The hobgoblin barely misses you.
You closely miss the hobgoblin.
The hobgoblin is moderately wounded.
You block the hobgoblin's attack.
You hit the hobgoblin but do no damage.
The hobgoblin is moderately wounded.
The hobgoblin hits you but does no damage.
You barely miss the hobgoblin.
The hobgoblin is moderately wounded.
The hobgoblin hits you.
The hobgoblin hits you but does no damage.
You hit the hobgoblin.
The hobgoblin is almost dead.
The hobgoblin hits you.
You hit the hobgoblin.
You kill the hobgoblin!
The dart slug launches a dart at you.
The slug dart hits you but does no damage.
The dart slug launches a dart at you.
The slug dart hits you but does no damage.
You hit the dart slug.
The dart slug is lightly wounded.
The dart slug bites you.
You hit the dart slug.
The dart slug is heavily wounded.
The dart slug closely misses you.
You hit the dart slug.
The dart slug is almost dead.
The dart slug launches a dart at you.
The slug dart hits you but does no damage.
You hit the dart slug but do no damage.
The dart slug is almost dead.
You hit the dart slug.
You kill the dart slug!
You see here a dart slug corpse.
Are you sure you want to abandon this character and quit the game? (Confirm with "yes".)

##.####..###
..........#
#..#####.##
.##....##.#
.......##.#
......##.###
......##.#.######
#............
#...@..######
#.#.†.##
≈.......##.##
≈......###.#
....... #.#
....... #+#
.)##..# . ..# ..#


There were no monsters in sight!

Vanquished Creatures
  2 dart slugs (D:1)
  An endoplasm (D:1)
  A giant cockroach (D:1)
  3 hobgoblins (D:1)
  2 ball pythons (D:1)
9 creatures vanquished.

Notes
Turn   | Place    | Note
-------+----------+-------------------------------------------
     0 | D:1      | Smoke131 the Human Wanderer began the quest for the Orb.
     0 | D:1      | Smoke131 set off with the following items: a +0 club, a +0
                  | scale mail, a potion of curing, a +2 buckler; and the
                  | following spells available to memorise: Lesser Beckoning,
                  | Momentum Strike.
     0 | D:1      | Reached XP level 1. HP: 15/15 MP: 3/3
   125 | D:1      | Reached XP level 2. HP: 17/21 MP: 5/5
   244 | D:1      | Quit the game

Illustrated notes

Levels and vault maps discovered:
D:1:      lightli_iron_boxes, layout_loops_corners, kennysheep_decorative_pillar

Action                     || total
---------------------------++-------
  Melee: Club              ||    42
 Armour: Scale mail        ||    21
  Dodge: Dodged            ||    14
  Block: Buckler           ||    13

Table legend: (Time is in decaauts)
 A = Elapsed time spent in this place.
 B = Non-inter-level travel time spent in this place.
 C = Inter-level travel time spent in this place.
 D = Time resting spent in this place.
 E = Time spent auto-exploring this place.
 F = Levels seen in this place.
 G = Mean time per level.
                   A        B        C        D        E       F      G
               +--------+--------+--------+--------+--------+-----+--------+
         Total |    258 |    258 |      0 |      0 |    156 |   1 |  258.0 |
       Dungeon |    258 |    258 |      0 |      0 |    156 |   1 |  258.0 |
               +--------+--------+--------+--------+--------+-----+--------+

Top non-repeatable levels by time:
     D:1: 258 daAuts
